 Dungeon Crawl Stone Soup version 0.23.2 (webtiles) character file.

Game seed: 3006103772830689677

114 Borgoz the Bolt Thrower (level 5, -2/32 HPs)
             Began as a Kobold Hunter on Apr 6, 2019.
             Slain by a hound (6 damage)
             ... on level 3 of the Dungeon on Apr 7, 2019.
             The game lasted 00:07:19 (2704 turns).

Borgoz the Bolt Thrower (Kobold Hunter)             Turns: 2704, Time: 00:07:20

Health: -2/32      AC:  3    Str: 10    XL:     5   Next: 18%
Magic:  5/5        EV: 15    Int: 12    God:
Gold:   186        SH:  0    Dex: 16    Spells: 4/4 levels left

rFire    . . .     SeeInvis .   a - +1 hand crossbow
rCold    . . .     Gourm    .   (shield restricted)
rNeg     . . .     Faith    .   c - +0 leather armour
rPois    .         Spirit   .   (no helmet)
rElec    .         Reflect  .   (no cloak)
rCorr    .         Harm     .   (no gloves)
MR       .....                  (no boots)
Stlth    ++........             (no amulet)
HPRegen  0.10/turn              (no ring)
MPRegen  0.09/turn              (no ring)

@: no status effects
A: small, carnivore
a: no special abilities


You were on level 3 of the Dungeon.
You were not hungry.

You visited 1 branch of the dungeon, and saw 4 of its levels.

You collected 186 gold pieces.

Inventory:

Hand Weapons
 a - a +1 hand crossbow (weapon)
 b - a +0 short sword
Missiles
 o - 8 bolts (quivered)
Armour
 c - a +0 leather armour (worn)
Jewellery
 j - a +3 ring of strength {unknown}
Scrolls
 e - 2 scrolls of magic mapping {unknown}
 g - 2 scrolls of teleportation {unknown}
 h - a scroll of identify {unknown}
 l - a scroll of remove curse {unknown}
 m - a scroll of amnesia {unknown}
 n - 2 scrolls of blinking {unknown}
Potions
 i - a potion of degeneration {unknown}
 k - a potion of agility {unknown}
Comestibles
 f - 2 rations


   Skills:
 + Level 3.1 Fighting
 + Level 2.2 Short Blades
 - Level 5.0 Crossbows
 + Level 1.2 Armour
 + Level 3.3 Dodging
 + Level 3.0 Stealth


You had 4 spell levels left.
You didn't know any spells.
Your spell library was empty.

Dungeon Overview and Level Annotations

Branches:
Dungeon (4/15)
 Temple: D:4-7

Altars:
Cheibriados
Dithmenos
Xom

Annotations:
D:4 Grinder


Innate Abilities, Weirdness & Mutations

You are small and have problems with some larger weapons.
You are carnivorous and can eat meat at any time.


Message History

You climb upwards.
There is a stone staircase leading down here.
a - a +1 hand crossbow (weapon)
The hound completely misses you.
You are too injured to fight recklessly!
Firing (i - inventory)
o - 10 bolts (quivered)
Press: ? - help, Shift-Dir - straight line, f - hound
Aim: a hound You shoot a bolt.
The bolt hits the hound.
The hound is lightly wounded.
The hound misses you.
The hound pauses to sniff the ground.
The hound closely misses you.
Firing (i - inventory)
o - 9 bolts (quivered)
Press: ? - help, Shift-Dir - straight line, f/p - hound
Aim: a hound (lightly wounded)
You shoot a bolt. The bolt completely misses the hound.
The hound bites you.
* * * LOW HITPOINT WARNING * * *
The hound bites you.
You die...

........................[##..#
.............)...........#...#
.............................#
[............................#
..........................####
#.##.............#...##.....#
#.###...##......[...#######.###
.........#..#....##.#######...##
#.#####..#.....#@h#....#.......#
....................##....######
.........###..............#
......###........#.####...#
..........####........#...#
.....###### ##.......#####
>....# #.......# .....#
#.......# ###### #.......#


You could see a hound.

Vanquished Creatures
  4 adders
  3 worms
  A dart slug (D:2)
  A leopard gecko (D:1)
  6 orcs
  A ball python (D:2)
  A bat (D:2)
  4 giant cockroaches
  6 goblins
  4 hobgoblins
  6 jackals
  5 frilled lizards
  8 kobolds
  9 rats
59 creatures vanquished.

Notes
Turn   | Place    | Note
-------+----------+-------------------------------------------
     0 | D:1      | Borgoz the Kobold Hunter began the quest for the Orb.
     0 | D:1      | Reached XP level 1. HP: 12/12 MP: 1/1
    67 | D:1      | Reached skill level 5 in Crossbows
   147 | D:1      | Reached XP level 2. HP: 18/18 MP: 2/2
  1157 | D:2      | Reached skill level 1 in Short Blades
  1167 | D:2      | Reached XP level 3. HP: 22/22 MP: 3/3
  1623 | D:2      | Reached XP level 4. HP: 27/27 MP: 4/4
  1728 | D:2      | Reached skill level 1 in Armour
  2025 | D:2      | Found a shadowy altar of Dithmenos.
  2288 | D:3      | Found a shimmering altar of Xom.
  2407 | D:3      | Found a snail-covered altar of Cheibriados.
  2480 | D:3      | Found a shimmering altar of Xom.
  2481 | D:3      | Found a shimmering altar of Xom.
  2481 | D:3      | Found a shimmering altar of Xom.
  2482 | D:3      | Found a shimmering altar of Xom.
  2497 | D:3      | Reached XP level 5. HP: 32/32 MP: 5/5
  2688 | D:4      | Noticed Grinder
  2689 | D:4      | Paralysed by Grinder for 5 turns
  2704 | D:3      | Slain by a hound

Skill      XL: |  1  2  3  4  5 |
---------------+----------------+-----
Crossbows      | 5 |  5.0
Short Blades   | 1 2 |  2.2
Stealth        | 2 3 |  3.0
Dodging        | 3 |  3.3
Armour         | 1 |  1.2
Fighting       | 3 |  3.1

Action                   |  1- 3 |  4- 6 || total
-------------------------+-------+-------++-------
Melee: Short sword       |    27 |    22 ||    49
 Fire: Hand crossbow     |    64 |    57 ||   121
 Stab: Sleeping          |       |     2 ||     2
  Eat: Chunk             |     5 |     3 ||     8
Armor: Leather armour    |     8 |     7 ||    15
Dodge: Dodged            |    34 |    32 ||    66
